 Dungeon Crawl Stone Soup version 0.27-a0-1182-gee19b5822f (webtiles) character file.

Game seed: 17978292979324345323

37 nclnkn the Digger (level 3, -2/28 HPs)
             Began as a Gargoyle Earth Elementalist on May 18, 2021.
             Slain by an orc
             ... wielding a +0 whip
              (4 damage)
             ... on level 2 of the Dungeon.
             The game lasted 00:02:11 (905 turns).

nclnkn the Digger (Gargoyle Earth Elementalist)      Turns: 905, Time: 00:02:12

Health: -2/28      AC:  5    Str: 11    XL:     3   Next: 41%
Magic:  2/7        EV: 11    Int: 16    God:
Gold:   14         SH:  0    Dex: 10    Spells: 6/7 levels left

rFire    . . .     SeeInvis .   d - +0 dagger
rCold    . . .     Faith    .   (no shield)
rNeg     + . .     Spirit   .   c - +0 robe
rPois    ∞         Reflect  .   (no helmet)
rElec    +         Harm     .   (no cloak)
rCorr    .         Rampage  .   (no gloves)
Will     +....                  (no boots)
Stlth    ..........             (no amulet)
HPRegen  0.09/turn              i - ring of willpower
MPRegen  0.10/turn              (no ring)

@: berserking, very quick
A: sickness immunity, AC +3, negative energy resistance 1, electricity
resistance, torment resistance 1, petrification resistance
a: no special abilities


You were on level 2 of the Dungeon.
You visited 1 branch of the dungeon, and saw 2 of its levels.

You collected 14 gold pieces.

Inventory:

Hand Weapons
 d - a +0 dagger (weapon)
Missiles
 b - 19 stones
Armour
 c - a +0 robe (worn)
Jewellery
 i - a ring of willpower (left hand)
Scrolls
 f - a scroll of summoning {unknown}
Potions
 e - a potion of mutation {unknown}
 g - a potion of lignification {unknown}
 h - a potion of magic {unknown}
 j - a potion of cancellation {unknown}


   Skills:
 - Level 1.5 Dodging
 - Level 2.1 Stealth
 + Level 2.8 Spellcasting
 - Level 0.7 Transmutations
 + Level 4.5 Earth Magic


You had 6 spell levels left.
You knew the following spells:

 Your Spells              Type           Power      Damage    Failure   Level
a - Sandblast             Erth           32%        2d9       3%          1

Your spell library contained the following spells:

 Spells                   Type           Power      Damage    Failure   Level
 Passwall                 Tmut/Erth      8%         N/A       10%         2
 Stone Arrow              Conj/Erth      18%        3d8       22%         3
 Petrify                  Tmut/Erth      10%        N/A       54%         4
 Lee's Rapid Deconstruct  Erth           8%         3d8*      63%         5


Dungeon Overview and Level Annotations

Branches:
Dungeon (2/15)

Altars:


Innate Abilities, Weirdness & Mutations

You are immune to sickness and miasma.
Your stone body is resilient. (AC +3)
You are immune to poison.
You resist negative energy. (rN+)
You are resistant to electric shocks. (rElec)
You are resistant to unholy torment.
You are immune to petrification.


Message History

Confirm with . or Enter, or press ? or * to list all spells.
Aiming: Sandblast (safe; 3% risk of failure)
Press: ? - help, Shift-Dir - straight line, f/p - goblin
Aim: a goblin, wielding a +0 club and quivering stones (74% to hit)
The blast of sand hits the goblin!
You kill the goblin!
The adder hisses angrily.
A hobgoblin comes into view.
The orc priest looks braver for a moment.
Casting: Sandblast (safe; 3% risk of failure)
Confirm with . or Enter, or press ? or * to list all spells.
Aiming: Sandblast (safe; 3% risk of failure)
Press: ? - help, Shift-Dir - straight line, f - orc
Aim: an orc, wielding a +0 trident (79% to hit)
The blast of sand hits the orc!
You kill the orc!
Casting: Sandblast (safe; 3% risk of failure)
Confirm with . or Enter, or press ? or * to list all spells.
Aiming: Sandblast (safe; 3% risk of failure)
Press: ? - help, Shift-Dir - straight line, f - orc priest
Aim: an orc priest, wielding a +0 hand axe and wearing a +0 leather armour (79% to hit)
The blast of sand hits the orc priest.
The orc priest is lightly wounded.
A giant cockroach comes into view.
The orc priest closely misses you.
Unknown command.
Casting: Sandblast (safe; 3% risk of failure)
Confirm with . or Enter, or press ? or * to list all spells.
Aiming: Sandblast (safe; 3% risk of failure)
Press: ? - help, Shift-Dir - straight line, f/p - orc priest
Aim: an orc priest, wielding a +0 hand axe and wearing a +0 leather armour (lightly wounded, 79% to hit)
The blast of sand hits the orc priest.
The orc priest is lightly wounded.
The orc barely misses you. The orc hits you but does no damage.
The orc priest closely misses you.
It was a potion of berserk rage.
A red film seems to cover your vision as you go berserk!
You feel yourself moving faster!
You feel mighty! The orc hits you with a +0 whip.
You die...

..# #.# ..# #.#
###........ ..###.#.#
.....#... . ......#.#
##.......#..
#.#####.#####.........B.
#.<...#..........<..g...
##......#####...).......
#.##...........oo......
#.##........#..@oS.....
#.##..#####.##.##...#..
#.##..##....##†##..##
#.##..#. #>...).......
#.##..#.###........###
#.##..#..#..#####.##
#.##..##...## .#
##.##<.###.## #
#..........#


You could see an orc priest, an adder, 2 orcs, a giant cockroach and a
hobgoblin.

Vanquished Creatures
  2 adders (D:2)
  A dart slug (D:1)
  An orc (D:2)
  An endoplasm (D:2)
  A giant cockroach (D:1)
  3 goblins
  2 hobgoblins
  2 bats
  2 frilled lizards
  2 kobolds
17 creatures vanquished.

Notes
Turn   | Place    | Note
-------+----------+-------------------------------------------
     0 | D:1      | nclnkn the Gargoyle Earth Elementalist began the quest for
                  | the Orb.
     0 | D:1      | Reached XP level 1. HP: 10/10 MP: 3/3
    75 | D:1      | You fall into a shaft and drop 1 floor!
   433 | D:1      | Reached XP level 2. HP: 15/15 MP: 3/5
   512 | D:1      | Reached skill level 4 in Earth Magic
   836 | D:2      | Reached XP level 3. HP: 19/19 MP: 4/6
   905 | D:2      | Slain by an orc

Illustrated notes

Levels and vault maps discovered:
D:1:      ebering_trefoil_twist, layout_basic
D:2:      layout_loops_ring, basic_ecumenical_altar, kennysheep_generic_room_15

Skill      XL: |  1  2 |
---------------+-------+-----
Earth Magic    | 4 |  4.5
Dodging        | |  1.5
Stealth        | |  2.1
Spellcasting   | |  2.8
Transmutations | |  0.7

Action                   || total
-------------------------++-------
Melee: Dagger            ||    32
 Cast: Sandblast         ||    15
  Use: Potion            ||     1
 Stab: Sleeping          ||     1
Armor: Robe              ||    18
Dodge: Dodged            ||    25

Table legend: (Time is in decaauts)
 A = Elapsed time spent in this place.
 B = Non-inter-level travel time spent in this place.
 C = Inter-level travel time spent in this place.
 D = Time resting spent in this place.
 E = Time spent auto-exploring this place.
 F = Levels seen in this place.
 G = Mean time per level.
                   A        B        C        D        E       F      G
               +--------+--------+--------+--------+--------+-----+--------+
         Total |    906 |    890 |     16 |      0 |    771 |   2 |  453.0 |
       Dungeon |    906 |    890 |     16 |      0 |    771 |   2 |  453.0 |
               +--------+--------+--------+--------+--------+-----+--------+

Top non-repeatable levels by time:
     D:1: 645 daAuts
     D:2: 260 daAuts
